 Dungeon Crawl Stone Soup version 0.30-a0-718-geaa24f58ff (webtiles) character file.

Game seed: 1404807878236922623

92 ASSMAN the Grave Robber (level 4, -4/30 HPs)
             Began as a Demonspawn Necromancer on Jan 25, 2023.
             Was an Initiate of Ashenzari.
             Killed by nerve-wracking pain
             ... invoked by Grinder
              (10 damage)
             ... while paralysed by Grinder
             ... on level 3 of the Dungeon.
             The game lasted 00:05:26 (1817 turns).

ASSMAN the Grave Robber (Demonspawn Necromancer)    Turns: 1817, Time: 00:05:27

Health: -4/30      AC:  2    Str: 15    XL:     4   Next: 35%
Magic:  0/7        EV:  2    Int: 18    God:    Ashenzari [......]
Gold:   138        SH:  0    Dex: 13    Spells: 3/7 levels left

rFire   . . .      SeeInvis .    n - +0 battleaxe
rCold   . . .      Faith    .    (shield currently unavailable)
rNeg    . . .      Spirit   +    a - +0 robe
rPois   .          Reflect  .    (no helmet)
rElec   .          Harm     .    (no cloak)
rCorr   .          Rampage  .    (no gloves)
Will    .....                    (no boots)
Stlth   ++                       g - amulet of guardian spirit
HPRegen 0.25/turn                r - +6 ring of strength
MPRegen 0.10/turn                (no ring)

@: paralysed
A: repulsion field 1, condensation shield
a: Renounce Religion


You were on level 3 of the Dungeon.
You worshipped Ashenzari.
Ashenzari was noncommittal.
You visited 1 branch of the dungeon, and saw 3 of its levels.

You collected 138 gold pieces.

Inventory:

Hand Weapons
 i - a +0 long sword
 n - a +0 battleaxe (weapon)
Armour
 a - a +0 robe (worn)
Jewellery
 g - an amulet of guardian spirit (around neck)
 r - a +6 ring of strength (left hand)
Wands
 s - a wand of flame (17)
Scrolls
 c - a scroll of magic mapping {unknown}
 e - 5 scrolls of teleportation {unknown}
 h - a scroll of vulnerability {unknown}
 j - a scroll of enchant weapon {unknown}
 k - a scroll of immolation {unknown}
 o - a scroll of fear {unknown}
Potions
 b - a potion of magic
 d - a potion of curing {unknown}
 f - a potion of heal wounds {unknown}
 l - a potion of cancellation {unknown}
 m - a potion of invisibility {unknown}
 p - a potion of attraction {unknown}
 q - a potion of mutation {unknown}


   Skills:
 - Level 0.2 Fighting
 - Level 0.2 Long Blades
 + Level 2.1 Dodging
 - Level 1.7 Stealth
 - Level 0.1 Unarmed Combat
 - Level 2.0 Spellcasting
 + Level 6.1 Necromancy


You had 3 spell levels left.
You knew the following spells:

 Your Spells              Type           Power      Damage    Failure   Level
a - Necrotise             Necr           92%        1d8       1%          1
b - Vampiric Draining     Necr           23%        2d7       4%          3

Your spell library contained the following spells:

 Spells                   Type           Power      Damage    Failure   Level
 Cigotuvi's Dreadful Rot  Necr/Pois/Air  18%        N/A       12%         2
 Poisonous Vapours        Pois/Air       2%         N/A       26%         2
 Mephitic Cloud           Conj/Pois/Air  1%         N/A       47%         3
 Animate Dead             Necr           23%        N/A       14%         4
 Agony                    Necr           23%        N/A       38%         5


Dungeon Overview and Level Annotations

Branches:
Dungeon (3/15)

Altars:
Ashenzari

Annotations:
D:3 Grinder


Innate Abilities, Weirdness & Mutations

You are surrounded by a mild repulsion field. (EV +2)
A meltable shield of frost defends you. (SH +4)


Message History

The adder closely misses you.
You closely miss the adder.
The adder is heavily wounded.
The adder closely misses you. The adder misses you.
You hit the adder.
You kill the adder!
No target in view!
r - a +6 ring of strength You feel stronger.
r - a +6 ring of strength (left hand)
Okay, then.
You open the door.
There is an open door here.
s - a wand of flame (17) Grinder comes into view.
Grinder shouts!
You start putting on your amulet.
You continue putting on your amulet of guardian spirit. x2
Grinder blinks!
You continue putting on your amulet of guardian spirit. x2
Grinder blinks!
You continue putting on your amulet of guardian spirit.
Grinder gestures at you. Pain shoots through your body!
You finish putting on your amulet of guardian spirit.
You feel your power drawn to a protective spirit.
g - an amulet of guardian spirit (around neck)
You hit Grinder but do no damage. Grinder barely misses you.
You closely miss Grinder. Grinder closely misses you. Grinder hits you.
You writhe in agony.
You closely miss Grinder. Grinder hits you!
You writhe in agony.
Grinder gestures at you. Pain shoots through your body!
* * * LOW HITPOINT WARNING * * *
You completely miss Grinder. Grinder gestures at you.
You suddenly lose the ability to move!
Grinder barely misses you. Grinder gestures at you.
Pain shoots through your body!
You die...

#####
#.#.#############.#.#
#....5@.............#
#.###############.#.#
#.#.# ##### #.#+## #####+#
#...######....#
#......#####...'.........#
#..............###.##....#
#..............###.##....#
#..............†...##....#


You could see Grinder.

Vanquished Creatures
  5 adders
  A worm (D:2)
  A dart slug (D:1)
  3 ball pythons
  2 endoplasms
  A giant cockroach (D:2)
  2 goblins
  4 hobgoblins (D:1)
  2 jackals (D:2)
  A quokka (D:2)
  4 bats
  4 kobolds
  5 rats
35 creatures vanquished.

Vanquished Creatures (collateral kills)
  A bat (D:1)
  A giant cockroach (D:2)
  A hobgoblin (D:1)
  A jackal (D:2)
  A kobold (D:2)
  A quokka (D:2)
6 creatures vanquished.

Grand Total: 41 creatures vanquished

Notes
Turn   | Place    | Note
-------+----------+-------------------------------------------
     0 | D:1      | ASSMAN the Demonspawn Necromancer began the quest for the
                  | Orb.
     0 | D:1      | Reached XP level 1. HP: 13/13 MP: 3/3
   243 | D:1      | Found a faded altar of an unknown god.
   447 | D:1      | Gained mutation: You are surrounded by a mild repulsion
                  | field. (EV +2) [demonic ancestry]
   447 | D:1      | Reached XP level 2. HP: 19/19 MP: 1/5
   536 | D:1      | Reached skill level 5 in Necromancy
   939 | D:2      | Gained mutation: A meltable shield of frost defends you.
                  | (SH +4) [demonic ancestry]
   939 | D:2      | Reached XP level 3. HP: 20/24 MP: 0/6
  1164 | D:2      | Found a broken altar of Ashenzari.
  1195 | D:2      | Became a worshipper of Ashenzari the Shackled
  1301 | D:2      | Learned a level 3 spell: Vampiric Draining
  1379 | D:2      | Reached skill level 6 in Necromancy
  1379 | D:2      | Reached XP level 4. HP: 29/30 MP: 3/7
  1805 | D:3      | Noticed Grinder
  1816 | D:3      | Paralysed by Grinder for 2 turns
  1817 | D:3      | Killed from afar by Grinder

Illustrated notes

Levels and vault maps discovered:
D:1:      reono_arrival_forest_river, layout_basic,
          shapermc_ecumenical_altar_ellora, minmay_vboxes
D:2:      layout_basic, basic_altar, kennysheep_generic_room_7
D:3:      layout_basic, mainiacjoe_overflow_tiny_flanked,
          mainiacjoe_overflow_chevrons, serial_shops,
          nicolae_shop_advertising_works [nicolae_subvault_shop_adworks],
          ebering_ghost_disaster_area, uniq_grinder

Skill      XL: |  1  2  3  4 |
---------------+-------------+-----
Necromancy     | 5 6 |  6.1
Dodging        | 2 |  2.1
Fighting       | |  0.2
Long Blades    | |  0.2
Stealth        | |  1.7
Unarmed Combat | |  0.1
Spellcasting   | |  2.0

Action                     |  1- 3 |  4- 6 || total
---------------------------+-------+-------++-------
  Melee: Unarmed           |    21 |       ||    21
         Long sword        |    23 |     3 ||    26
         Battleaxe         |       |    15 ||    15
   Cast: Necrotise         |    47 |       ||    47
         Vampiric Draining |     1 |     4 ||     5
   Stab: Sleeping          |     1 |     1 ||     2
 Armour: Robe              |    17 |     4 ||    21
  Dodge: Dodged            |    55 |    18 ||    73
  Block: Other             |     3 |     2 ||     5

Table legend: (Time is in decaauts)
 A = Elapsed time spent in this place.
 B = Non-inter-level travel time spent in this place.
 C = Inter-level travel time spent in this place.
 D = Time resting spent in this place.
 E = Time spent auto-exploring this place.
 F = Levels seen in this place.
 G = Mean time per level.
                   A        B        C        D        E       F      G
               +--------+--------+--------+--------+--------+-----+--------+
         Total |   1838 |   1810 |     28 |    103 |   1379 |   3 |  612.7 |
       Dungeon |   1838 |   1810 |     28 |    103 |   1379 |   3 |  612.7 |
               +--------+--------+--------+--------+--------+-----+--------+

Top non-repeatable levels by time:
     D:1: 870 daAuts
     D:2: 778 daAuts
     D:3: 190 daAuts
